 Dungeon Crawl Stone Soup version 0.24.0-1-gfbc8707122 (webtiles) character file.

Game seed: 7558973347192324875, levelgen mode: deterministic

234 Donthurtboomboom the Skirmisher (level 5, -8/53 HPs)
             Began as a Troll Fighter on Oct 26, 2019.
             Mangled by Edmund
             ... wielding a +3 flail of crushing
              (9 damage)
             ... on level 5 of the Dungeon.
             The game lasted 00:14:28 (4355 turns).

Donthurtboomboom the Skirmisher (Troll Fighter)     Turns: 4355, Time: 00:14:29

Health: -8/53      AC:  6    Str: 25    XL:     5   Next: 75%
Magic:  4/4        EV:  8    Int:  4    God:
Gold:   206        SH:  9    Dex:  9    Spells: 4/4 levels left

rFire    . . .     SeeInvis .   a - +0 war axe
rCold    . . .     Gourm    +   c - +0 shield
rNeg     . . .     Faith    .   b - +0 robe
rPois    .         Spirit   .   (helmet restricted)
rElec    .         Reflect  .   (no cloak)
rCorr    .         Harm     .   (gloves unavailable)
MR       .....                  (boots unavailable)
Stlth    +.........             (no amulet)
HPRegen  0.57/turn              (no ring)
MPRegen  0.09/turn              (no ring)

@: no status effects
A: large, unfitting armour, claws 3, fast metabolism 3, gourmand, regeneration
1, shaggy fur 1, tough skin 3
a: no special abilities


You were on level 5 of the Dungeon.
You were not hungry.

You visited 1 branch of the dungeon, and saw 5 of its levels.

You collected 206 gold pieces.

Inventory:

Hand Weapons
 a - a +0 war axe (weapon)
Armour
 b - a +0 robe (worn)
 c - a +0 shield (worn)
 i - a +0 ring mail
 m - a +0 pair of gloves
Jewellery
 n - a cursed ring of protection from cold {unknown}
 o - an uncursed amulet of rage {unknown}
 v - an uncursed ring of magical power {unknown}
Wands
 y - a wand of paralysis (13)
Scrolls
 e - 5 scrolls of identify {unknown}
 j - a scroll of noise {unknown}
 p - 3 scrolls of teleportation {unknown}
 r - a scroll of blinking {unknown}
 u - a scroll of immolation {unknown}
 B - a scroll of enchant weapon {unknown}
 C - a scroll of torment {unknown}
Potions
 d - 2 potions of might
 g - 3 potions of haste {unknown}
 h - a potion of mutation {unknown}
 k - a potion of agility
 l - a potion of heal wounds {unknown}
 q - 2 potions of curing {unknown}
 s - a potion of magic {unknown}
 t - a potion of resistance
 w - a potion of degeneration {unknown}
 x - a potion of flight {unknown}
 z - a potion of cancellation {unknown}
 A - a potion of lignification {unknown}
Comestibles
 f - a ration


   Skills:
 + Level 3.3 Fighting
 + Level 3.3 Axes
 + Level 3.1 Dodging
 + Level 0.3 Stealth
 + Level 3.0 Shields


You had 4 spell levels left.
You didn't know any spells.
Your spell library was empty.

Dungeon Overview and Level Annotations

Branches:
Dungeon (5/15)
 Temple: D:4-7

Altars:

Annotations:
D:5 Edmund


Innate Abilities, Weirdness & Mutations

You are too large for most types of armour.
You have claws for hands.
Your metabolism is lightning-fast.
You like to eat raw meat.
Your natural rate of healing is unusually fast.
You are covered in fur. (AC +1)
You have extremely tough skin. (AC +3)


Message History

Edmund hits you with a +3 flail of crushing!
You block Edmund's attack.
You barely miss Edmund.
Edmund is almost dead.
Edmund hits you with a +3 flail of crushing!
* * * LOW HITPOINT WARNING * * *
You hit Edmund but do no damage.
Edmund is almost dead.
Edmund hits you with a +3 flail of crushing!
* * * LOW HITPOINT WARNING * * *
x2 You eat one of the 2 rations.
That ration really hit the spot!
Edmund closely misses you.
You barely miss Edmund.
Edmund is almost dead.
Edmund hits you with a +3 flail of crushing.
* * * LOW HITPOINT WARNING * * *
x2 You hit Edmund.
Edmund is almost dead.
Edmund hits you with a +3 flail of crushing!
You die...

#.#. #.#.#
#.# #.#.#
#.# #.#.#
#.# #.#.#
#.# #.#.#
#.# #.#.#
#.# #.#.#
#.# #.#.#
#.####.#@#
#......#@#
########.#
... #.#
#.. ##. .


You could see Edmund.

Vanquished Creatures
  A howler monkey (D:4)
  A centaur zombie (D:5)
  A hound (D:4)
  An iguana (D:4)
  A worker ant (D:4)
  A hound skeleton (D:4)
  A gnoll (D:1)
  2 adders (D:2)
  A leopard gecko (D:3)
  2 orcs (D:3)
  3 ball pythons
  A giant cockroach (D:4)
  7 goblins
  6 hobgoblins
  3 jackals (D:2)
  2 quokkas
  3 bats
  A frilled lizard (D:3)
  5 kobolds
  3 rats
46 creatures vanquished.

Notes
Turn   | Place    | Note
-------+----------+-------------------------------------------
     0 | D:1      | Donthurtboomboom the Troll Fighter began the quest for the
                  | Orb.
     0 | D:1      | Reached XP level 1. HP: 22/22 MP: 0/0
   351 | D:1      | Reached XP level 2. HP: 29/29 MP: 1/1
   951 | D:2      | Reached XP level 3. HP: 36/36 MP: 2/2
  2304 | D:3      | Reached XP level 4. HP: 45/45 MP: 3/3
  3381 | D:4      | Reached XP level 5. HP: 44/53 MP: 4/4
  4050 | D:5      | Entered Level 5 of the Dungeon
  4338 | D:5      | Noticed Edmund
  4354 | D:5      | HP: 2/53 [Edmund/+3 flail of crushing (5)]
  4355 | D:5      | Mangled by Edmund

Levels and vault maps discovered:
D:1:      minmay_arrival_open_corners, layout_loops_ring, minmay_pentomino_t4
D:2:      layout_basic, first_ration
D:3:      layout_rooms
D:4:      layout_loops_cross
D:5:      layout_basic, uniq_sigmund, uniq_edmund

Skill      XL: |  1  2  3  4  5 |
---------------+----------------+-----
Axes           | 2 3 |  3.3
Fighting       | 3 |  3.3
Dodging        | 3 |  3.1
Shields        | 3 |  3.0
Stealth        | |  0.3

Action                   |  1- 3 |  4- 6 || total
-------------------------+-------+-------++-------
Melee: War axe           |   129 |    54 ||   183
  Eat: Chunk             |    14 |     6 ||    20
       Ration            |     2 |     4 ||     6
Armor: Robe              |    92 |    28 ||   120
Dodge: Dodged            |    78 |    23 ||   101
Block: Shield            |    91 |    23 ||   114
